 Dungeon Crawl Stone Soup version 0.30-b1-2-g02819fbbbe (webtiles) character file.

Game seed: 252660447074231716

3260 Dirian the Carver (level 9, -1/80 HPs)
             Began as a Minotaur Fighter on May 6, 2023.
             Was a Follower of Nemelex Xobeh.
             Slain by an orc knight
             ... wielding a +0 war axe
              (16 damage)
             ... in a bailey.
             The game lasted 00:15:48 (5165 turns).

Dirian the Carver (Minotaur Fighter)                Turns: 5165, Time: 00:15:49

Health: -1/80      AC: 16    Str: 21    XL:     9   Next: 68%
Magic:  11/11      EV:  8    Int:  5    God:    Nemelex Xobeh [*.....]
Gold:   262        SH:  6    Dex: 14    Spells: 8/8 levels left

rFire   . . .        a - +1 long sword
rCold   + . .        c - +1 buckler
rNeg    . . .        h - +0 chain mail
rPois   +            (helmet restricted)
rElec   .            p - +0 cloak
rCorr   +            m - +0 pair of gloves
SInv    .            k - +1 pair of boots
Will    .....        b - amulet of Unaarug {Rampage rPois rC+ Regen+} Stlth
                     i - ring of resist corrosion
HPRegen 1.13/turn    j - +4 ring of slaying
MPRegen 0.12/turn

%: rampage
@: mighty
A: horns 2, retaliatory headbutt
a: Renounce Religion, Draw Escape, Draw Destruction, Draw Summoning


You were in a bailey.
You worshipped Nemelex Xobeh.
Nemelex Xobeh was aware of your devotion.
You visited 2 branches of the dungeon, and saw 8 of its levels.
You also visited: Bailey.

You collected 262 gold pieces.

Inventory:

Hand Weapons
 a - a +1 long sword (weapon)
 B - a +0 morningstar
Missiles
 g - 6 boomerangs (quivered)
 y - a throwing net
 A - 4 javelins
Armour
 c - a +1 buckler (worn)
 h - a +0 chain mail (worn)
 k - a +1 pair of boots (worn)
 m - a +0 pair of gloves (worn)
 p - a +0 cloak (worn)
Jewellery
 b - the amulet of Unaarug (around neck) {Rampage rPois rC+ Regen+}
   (You acquired it on level 4 of the Dungeon)

   [amulet of regeneration]

   rC:        It protects you from cold.
   rPois:     It protects you from poison.
   Regen:     It increases your rate of health regeneration.
   Rampage:   It bestows one free step when moving towards enemies.
 i - a ring of resist corrosion (left hand)
 j - a +4 ring of slaying (right hand)
Wands
 n - a wand of roots (7)
 v - a wand of digging (3)
 F - a wand of flame (22)
Scrolls
 e - 3 scrolls of enchant armour
 o - 2 scrolls of immolation
 s - 4 scrolls of poison
 t - 2 scrolls of teleportation
 z - a scroll of blinking
 D - a scroll of enchant weapon
 E - 3 scrolls of fear
Potions
 f - a potion of invisibility {unknown}
 l - 2 potions of flight {unknown}
 q - 4 potions of curing
 r - a potion of attraction {unknown}
 u - a potion of resistance {unknown}
 w - 3 potions of heal wounds
 x - a potion of mutation {unknown}
 C - a potion of degeneration
 G - a potion of cancellation {unknown}


   Skills:
 + Level 7.7 Fighting
 + Level 10.8 Long Blades
 + Level 8.7 Armour
 - Level 5.5 Shields
 * Level 4.3 Invocations


You had 8 spell levels left.
You didn't know any spells.
Your spell library contained the following spells:

 Spells                   Type           Power      Damage    Failure   Level
 Scorch                   Fire           0%         2d5       99%         2
 Flame Wave               Conj/Fire      0%         2d4       100%        4
 Passage of Golubria      Tloc           0%         N/A       100%        4
 Silence                  Hex/Air        0%         N/A       100%        5
 Summon Cactus Giant      Summ           0%         N/A       100%        6
 Lehudib's Crystal Spear  Conj/Erth      0%         10d2      100%        8


Dungeon Overview and Level Annotations

Branches:
Dungeon (7/15) Zot: 26916  Temple (1/1) D:5 Zot: 5796  Bailey (1/1) Zot: 5807

Altars:
Ashenzari
Cheibriados
Dithmenos
Fedhas
Hepliaklqana
Nemelex Xobeh
Okawaru
Qazlal
Trog
Uskayaw
Vehumet
Wu Jian
Xom
Zin
The Shining One

Shops:
D:5 :

Annotations:
D:2 1 runed translucent door, Crazy Yiuf


Innate Abilities, Weirdness & Mutations

You have a pair of horns on your head.
You reflexively headbutt those who attack you in melee.


Message History

The orc knight is moderately wounded.
The orc knight hits you with a +0 war axe!
You block the goblin's attack. The orc warrior barely misses you.
You are too injured to fight recklessly!
You are too injured to fight recklessly!
You are too injured to fight recklessly!
You are too injured to fight recklessly!
You are too injured to fight recklessly!
You are too injured to fight recklessly!
You are too injured to fight recklessly!
You are too injured to fight recklessly!
You are too injured to fight recklessly!
You are too injured to fight recklessly!
You are too injured to fight recklessly!
You are too injured to fight recklessly!
You are too injured to fight recklessly!
You are too injured to fight recklessly!
You are too injured to fight recklessly!
You are too injured to fight recklessly!
You are too injured to fight recklessly!
You feel very mighty all of a sudden. You block the orc knight's attack.
The goblin hits you but does no damage.
The orc warrior hits you with a +0 hand axe.
You hit the orc knight. Your headbutt misses the orc knight.
The orc knight is moderately wounded.
The orc knight hits you with a +0 war axe.
The goblin hits you but does no damage.
The orc warrior hits you with a +0 hand axe!
You slash the orc warrior!
The orc warrior is heavily wounded.
The orc knight hits you with a +0 war axe!!
The goblin hits you but does no damage.
The orc warrior hits you with a +0 hand axe!
* * * LOW HITPOINT WARNING * * *
The orc warrior no longer looks unusually strong.
The goblin hits you but does no damage.
The orc knight attacks as you move away!
The orc knight hits you with a +0 war axe!
You die...
Your body glows slightly and disappears.

### .# ###.### ...#
###.....### .....
##.........##
.....g#...........#
......goo.........#
⌠.....#g@...⌠.....#
..... #......))...#
.... #...........#
... ##.....))..###
.. ###.....#'#.###
. ###.###.....###♣
###.........##
#...........#
#...........'


You could see an orc knight, an orc warrior, a hobgoblin and 2 goblins.

Vanquished Creatures
  An orc knight (Bailey)
  A troll (D:6)
  A hornet (D:7)
  A steam dragon (D:4)
  Duvessa (D:5)
  An ice beast (D:6)
  5 orc warriors
  2 black bears (D:6)
  An ogre (D:5)
  A centaur (D:5)
  2 bullfrogs (D:6)
  2 scorpions
  2 gnoll sergeants
  Dowan (D:5)
  2 hounds
  3 orc priests
  A jelly (D:6)
  5 orc wizards
  7 iguanas
  A sleepcap (D:5)
  16 gnolls
  8 adders
  A shadow imp (D:6)
  A white imp (D:6)
  An ufetubus (D:6)
  2 worms
  A dart slug (D:2)
  25 orcs
  6 ball pythons
  7 endoplasms
  A giant cockroach (D:3)
  23 goblins
  6 hobgoblins
  3 jackals (D:3)
  2 quokkas (D:1)
  5 bats
  9 kobolds
  5 rats
163 creatures vanquished.

Vanquished Creatures (others)
  A giant cockroach (D:4)
  5 plants (D:5)
6 creatures vanquished.

Grand Total: 169 creatures vanquished

Notes
Turn   | Place    | Note
-------+----------+-------------------------------------------
     0 | D:1      | Dirian the Minotaur Fighter began the quest for the Orb.
     0 | D:1      | Reached XP level 1. HP: 19/19 MP: 0/0
   404 | D:1      | Reached XP level 2. HP: 27/27 MP: 1/1
   925 | D:1      | Found a hazy altar of Hepliaklqana.
  1016 | D:2      | Found a faded altar of an unknown god.
  1040 | D:2      | Found a runed translucent door.
  1041 | D:2      | Noticed Crazy Yiuf
  1092 | D:2      | Reached skill level 3 in Long Blades
  1092 | D:2      | Reached XP level 3. HP: 33/33 MP: 2/2
  1233 | D:2      | Reached XP level 4. HP: 40/40 MP: 3/3
  1603 | D:3      | Found a shimmering altar of Xom.
  1750 | D:3      | Reached skill level 4 in Long Blades
  2091 | D:4      | Noticed a scorpion
  2099 | D:4      | Killed a scorpion
  2100 | D:4      | Reached XP level 5. HP: 41/47 MP: 4/4
  2125 | D:4      | Noticed a +0 short sword
  2125 | D:4      | Noticed a +0 falchion
  2125 | D:4      | Noticed a +0 dagger
  2125 | D:4      | Noticed a +0 dagger
  2127 | D:4      | Noticed a +0 falchion
  2127 | D:4      | Noticed a +0 spear
  2129 | D:4      | Noticed a +0 short sword
  2129 | D:4      | Noticed a +0 spear
  2134 | D:4      | Found a hide-covered altar of Uskayaw.
  2234 | D:4      | Reached skill level 5 in Long Blades
  2276 | D:4      | Noticed a steam dragon
  2290 | D:4      | Killed a steam dragon
  2291 | D:4      | Reached skill level 5 in Armour
  2291 | D:4      | Reached XP level 6. HP: 15/55 MP: 5/5
  2944 | D:4      | Identified a scroll of acquirement
  2944 | D:4      | Acquired the amulet of Unaarug {Rampage rPois rC+ Regen+}
  2993 | D:5      | Entered Level 5 of the Dungeon
  3021 | D:5      | Reached skill level 6 in Long Blades
  3029 | D:5      | Reached skill level 5 in Fighting
  3044 | D:5      | Found Nucrar's Book Shop.
  3072 | D:5      | Reached skill level 5 in Shields
  3079 | D:5      | Reached XP level 7. HP: 61/61 MP: 6/6
  3114 | D:5      | Found a glowing golden altar of the Shining One.
  3143 | D:5      | Noticed Duvessa
  3143 | D:5      | Noticed Dowan
  3159 | D:5      | Killed Dowan
  3162 | D:5      | Killed Duvessa
  3163 | D:5      | Reached skill level 7 in Long Blades
  3251 | D:5      | Found a blossoming altar of Fedhas.
  3386 | D:5      | Found a staircase to the Ecumenical Temple.
  3394 | D:5      | Reached XP level 8. HP: 70/70 MP: 7/7
  3403 | Temple   | Entered the Ecumenical Temple
  3660 | D:5      | Found a sparkling altar of Nemelex Xobeh.
  3697 | D:5      | Became a worshipper of Nemelex Xobeh the Trickster
  3732 | D:6      | Reached skill level 8 in Long Blades
  3748 | D:6      | Noticed a troll
  3763 | D:6      | Killed a troll
  3764 | D:6      | Reached skill level 1 in Invocations
  3849 | D:6      | Found an iron altar of Okawaru.
  3872 | D:6      | Reached skill level 9 in Long Blades
  3906 | D:6      | Identified the +1 sling of Lulupn {flame, rElec rF+ rN+}
  4118 | D:6      | Found a broken altar of Ashenzari.
  4271 | D:6      | Found a bloodstained altar of Trog.
  4454 | D:6      | Reached * piety under Nemelex Xobeh
  4461 | D:6      | Reached XP level 9. HP: 68/79 MP: 10/10
  4889 | D:7      | Reached skill level 10 in Long Blades
  4942 | D:7      | Found a flagged portal.
  4965 | Bailey   | Entered a bailey
  5113 | Bailey   | Noticed an orc knight
  5130 | Bailey   | Killed an orc knight
  5147 | Bailey   | Noticed an orc knight
  5165 | Bailey   | Slain by an orc knight

Illustrated notes

Levels and vault maps discovered:
D:1:      dpeg_arrival_water_altar, layout_basic, minmay_misc_feat_alley
D:2:      layout_rooms, basic_ecumenical_altar, uniq_crazy_yiuf_cottage
D:3:      layout_rooms, lemuel_tele_altar
D:4:      layout_gridville, nicolae_uskayaw_en_pointe
D:5:      layout_cave_pools, mainiacjoe_overflow_cross_hatched,
          overflow_temple_1_default, mainiacjoe_overflow_alcove_2,
          minmay_temple_entry_antechambers, serial_shops,
          nicolae_book_shop_shelving, uniq_duvessa
D:6:      layout_layer_cave, trog_butcher_becter, okawaru_trees_1,
          nicolae_overflow_hidden_temple
D:7:      layout_basic, mainiacjoe_overflow_tiny_flanked, tgw_kikubaaqudgha,
          lemuel_crystal_altar, elyvilon_altar_4, enter_bailey_7
Temple:   nicolae_temple_bog_church
Bailey:   bailey_axe_minmay_hex_keep, bailey

Skill      XL: |  1  2  3  4  5  6  7  8  9 |
---------------+----------------------------+-----
Armour         | 4 5 6 7 8 |  8.7
Shields        | 4 5 |  5.5
Fighting       | 4 5 7 |  7.7
Long Blades    | 3 4 5 6 7 9 10 | 10.8
Invocations    | 3 4 |  4.3

Action                     |  1- 3 |  4- 6 |  7- 9 || total
---------------------------+-------+-------+-------++-------
  Melee: Long sword        |    65 |   117 |   240 ||   422
         Headbutt          |     9 |    24 |    49 ||    82
    Use: Scroll            |       |    12 |     1 ||    13
         Potion            |       |       |     2 ||     2
 Armour: Scale mail        |    30 |    53 |       ||    83
         Chain mail        |       |    22 |   114 ||   136
  Dodge: Dodged            |    41 |    58 |    93 ||   192
  Block: Buckler           |    11 |    47 |    64 ||   122
